 Dungeon Sprint DCSS version 0.19-a0-376-gf780d9b (webtiles) character file.

1200000 namelastname112 the Nimble (level 11, -62/90 HPs)
             Began as a Demonspawn Gladiator on May 30, 2016.
             Was an Initiate of Makhleb.
             Annihilated by a meat berserker
             ... wielding a +9 battleaxe
              (78 damage)
             ... in the Dungeon (Sprint VIII: "Arena of Blood").
             The game lasted 00:00:24 (12 turns).

namelastname112 the Nimble (Demonspawn Gladiator)     Turns: 12, Time: 00:00:24

Health: -62/90     AC:  4    Str: 16    XL:     11   Next: 71%
Magic:  0/11       EV: 24    Int: 10    God:    Makhleb [......]
Gold:   0          SH:  0    Dex: 20    Spells: 0 memorised, 10 levels left

rFire  . . .     SeeInvis .     k - +∞ Axe of Woe
rCold  . . .     Gourm    .     a - +0 leather armour
rNeg   . . .     Faith    .     (shield currently unavailable)
rPois  .         Spirit   +     b - +0 helmet
rElec  .         Dismiss  .     (no cloak)
rCorr  .         Reflect  .     (no gloves)
SustAt .         Harm     .     (no boots)
MR     .....     NoTele   +     (no amulet)
Stlth  +++.......               (no ring)
                                (no ring)

@: not resistant to hostile enchantments, fairly stealthy
A: talons 1, thin skeletal structure 2, demonic guardian 1, magic shield, magic
regeneration
a: Renounce Religion


You were in the Dungeon.
You worshipped Makhleb.
Makhleb was noncommittal.
You were not hungry.

You visited 1 branch

Inventory:

Hand Weapons
 k - the +∞ Axe of Woe (weapon)
   (You found it in the Dungeon)
Missiles
 c - 3 throwing nets (quivered)
Armour
 a - a +0 leather armour (worn)
 b - a +0 helmet (worn)
Scrolls
 j - a scroll of blinking
Potions
 e - a potion of curing
 f - a potion of heal wounds
 g - a potion of haste
 h - 2 potions of magic
 i - a potion of berserk rage
Comestibles
 d - a bread ration


   Skills:
 + Level 9.9 Fighting
 * Level 12.7 Axes
 + Level 8.6 Throwing
 + Level 14.8 Dodging
 + Level 14.6 Unarmed Combat


You had 10 spell levels left.
You didn't know any spells.

Dungeon Overview and Level Annotations

Branches:
Dungeon (1/1)

Altars:
Makhleb


Innate Abilities, Weirdness & Mutations

You have sharp toenails.
You have a moderately thin skeletal structure. (Dex +4, Stealth+)
A weak demonic guardian rushes to your aid.
When hurt, damage is shared between your health and your magic reserves.
You regenerate magic rapidly.


Message History

Your demonic ancestry asserts itself...
You feel the presence of a demonic guardian.
You have reached level 8!
You feel stronger.
You have reached level 9!
Your experience leads to an increase in your attributes!
Increase (S)trength, (I)ntelligence, or (D)exterity?
You feel agile.
You have reached level 10!
You have reached level 11!
Your demonic ancestry asserts itself...
Your toenails lengthen and sharpen.
You hear a shout! x9
The meat berserker hits you with a +9 battleaxe!!!!
Ouch! That really hurt!
* * * LOW HITPOINT WARNING * * *
You hear a shout! x8
The meat berserker hits you with a +9 battleaxe!!!!
Ouch! That really hurt!
You die...

..... .. #...
.# . #... ..#
..###... ..###.
......###......
....._......
#.....# #@)O._#
#Oo...#
.....5....o.
......###......
.o###.o. ..###.
. #... ..# #.o.
.#


.o.oo .. You could see 2 meat berserkers, 7 bags of meat and a friendly white
imp.

Vanquished Creatures
  An orc (D)
1 creature vanquished.

Notes
Turn   | Place    | Note
--------------------------------------------------------------
     0 | D        | namelastname112 the Demonspawn Gladiator began the quest for the Orb.
     0 | D        | Reached XP level 1. HP: 16/16 MP: 1/1
     3 | D        | Noticed a bag of meat
     4 | D        | Became a worshipper of Makhleb the Destroyer
     7 | D        | Noticed a bag of meat
     8 | D        | Noticed a bag of meat
     9 | D        | Noticed a meat berserker
    11 | D        | Noticed a meat berserker
    12 | D        | Noticed a bag of meat
    12 | D        | Killed a bag of meat
    12 | D        | Gained mutation: When hurt, damage is shared between your health and your magic reserves. [demonic ancestry]
    12 | D        | Reached XP level 2. HP: 35/35 MP: 2/2
    12 | D        | Gained mutation: You regenerate magic rapidly. [demonic ancestry]
    12 | D        | Reached XP level 3. HP: 41/41 MP: 3/3
    12 | D        | Reached XP level 4. HP: 47/47 MP: 4/4
    12 | D        | Gained mutation: You have a somewhat thin skeletal structure. (Dex +2, Stealth) [demonic ancestry]
    12 | D        | Reached XP level 5. HP: 53/53 MP: 5/5
    12 | D        | Gained mutation: You have a moderately thin skeletal structure. (Dex +4, Stealth+) [demonic ancestry]
    12 | D        | Reached XP level 6. HP: 60/60 MP: 6/6
    12 | D        | Gained mutation: A weak demonic guardian rushes to your aid. [demonic ancestry]
    12 | D        | Reached XP level 7. HP: 65/65 MP: 7/7
    12 | D        | Reached XP level 8. HP: 72/72 MP: 8/8
    12 | D        | Reached XP level 9. HP: 78/78 MP: 9/9
    12 | D        | Reached XP level 10. HP: 85/85 MP: 10/10
    12 | D        | Gained mutation: You have sharp toenails. [demonic ancestry]
    12 | D        | Reached XP level 11. HP: 90/90 MP: 11/11
    12 | D        | Annihilated by a meat berserker

Vault maps used:
D:        meatsprint

Skill      XL: |  1 |
---------------+----+-----
Fighting       | 9 |  9.9
Axes           | 12 | 12.7
Throwing       | 8 |  8.6
Dodging        | 14 | 14.8
Unarmed Combat | 14 | 14.6

Action                   |  1- 3 |  4- 6 |  7- 9 | 10-12 || total
-------------------------+-------+-------+-------+-------++-------
Melee: Executioner's axe |     1 |       |       |       ||     1
